 Dungeon Crawl Stone Soup version bcrawl-1.19.2-6-g6a88ae04c9 (webtiles) character file.

Game seed: 13655089011667527270

455 MisterOstroum the Sneak (level 7, -6/44 HPs)
             Began as a Vine Stalker Rogue on Dec 23, 2019.
             Mangled by a bullfrog skeleton (11 damage)
             ... on level 5 of the Dungeon.
             The game lasted 00:17:10 (3579 turns).

MisterOstroum the Sneak (Vine Stalker Rogue)        Turns: 3579, Time: 00:17:11

Health: -6/44      AC:  3    Str: 13    XL:     7   Next: 5%
Magic:  9/9        EV: 11    Int: 11    God:
Gold:   189        SH:  0    Dex: 18    Spells: 6/6 levels left

rFire    . . .     SeeInvis .   a - +2 dagger
rCold    . . .     Gourm    .   (no shield)
rNeg     . . .     Faith    .   c - +0 robe
rPois    .         Spirit   .   (no helmet)
rElec    .         Reflect  .   d - +0 cloak
rCorr    .         Harm     .   (no gloves)
MR       .....                  (no boots)
Stlth    ++++......             (no amulet)
HPRegen  0.54/turn              (no ring)
MPRegen  0.11/turn              (no ring)

@: no status effects
A: fangs 3, regeneration 1, no potion heal 3, rot immunity, strong jaws
a: no special abilities


You were on level 5 of the Dungeon.
You were not hungry.

You visited 1 branch of the dungeon, and saw 5 of its levels.

You collected 189 gold pieces.

Inventory:

Hand Weapons
 a - a +2 dagger (weapon)
 b - a +0 blowgun
 q - a +0 short sword
Missiles
 h - 158 poisoned needles
 l - 543 stones
 n - 295 sling bullets
 s - 34 curare-tipped needles
 v - 51 javelins (quivered)
Armour
 c - a +0 robe (worn)
 d - a +0 cloak (worn)
 t - a +0 shield
Wands
 f - a wand of flame (15)
 g - a wand of enslavement (15)
Scrolls
 j - a scroll of identify {@r1}
 k - a scroll of remove curse {@r2}
 o - a scroll of teleportation {@r3 !r}
 r - a scroll of enchant armour {unknown}
 x - a scroll of blinking {unknown}
Potions
 i - a potion of berserk rage
 m - a potion of mutation {unknown}
 p - a potion of haste {unknown}
 u - a potion of resistance {unknown}
Comestibles
 e - 14 rations {!d}
 w - a chunk of flesh


   Skills:
 * Level 4.4 Fighting
 * Level 4.4 Short Blades
 + Level 7.4 Stealth
 - Level 1.7 Evocations


You had 6 spell levels left.
You didn't know any spells.
Your spell library was empty.

Dungeon Overview and Level Annotations

Branches:
Dungeon (5/12)
 Temple: D:4-7

Altars:
Makhleb
Nemelex Xobeh
Okawaru
Sif Muna
Wu Jian
Zin

Annotations:
D:5 exclusion: door, Menkaure


Innate Abilities, Weirdness & Mutations

You have razor-sharp teeth.
Your natural rate of healing is unusually fast.
Potions cannot restore your health.
You are immune to rotting.
Your bites deal extra damage.


Message History

Throwing (i - inventory. (/) - cycle)
v - 55 javelins (quivered)
Press: ? - help, Shift-Dir - straight line, f/p - crimson imp
Aim: a crimson imp You throw a javelin.
The javelin hits the crimson imp.
The crimson imp is moderately wounded.
Throwing (i - inventory. (/) - cycle)
v - 54 javelins (quivered)
Press: ? - help, Shift-Dir - straight line, f/p - crimson imp
Aim: a crimson imp (lightly wounded)
You throw a javelin. The javelin hits the crimson imp.
The crimson imp is moderately wounded.
Throwing (i - inventory. (/) - cycle)
v - 53 javelins (quivered)
Press: ? - help, Shift-Dir - straight line, f/p - crimson imp
Aim: a crimson imp (moderately wounded)
You throw a javelin. The javelin hits the crimson imp.
The crimson imp is severely wounded.
Throwing (i - inventory. (/) - cycle)
v - 52 javelins (quivered)
Press: ? - help, Shift-Dir - straight line, f/p - crimson imp
Aim: a crimson imp (heavily wounded)
You throw a javelin. The javelin hits the crimson imp.
The crimson imp is severely wounded.
You hit the crimson imp but do no damage.
The crimson imp is severely wounded.
The crimson imp closely misses you.
You hit the crimson imp.
The crimson imp is severely wounded.
The crimson imp hits you.
You barely miss the crimson imp.
The crimson imp is severely wounded.
The crimson imp picks up a beetle and eats it.
The crimson imp barely misses you.
You hit the crimson imp but do no damage.
Your bite misses the crimson imp.
The crimson imp is heavily wounded.
You hit the crimson imp.
The crimson imp is severely wounded.
The crimson imp completely misses you.
You hit the crimson imp.
The crimson imp is almost dead.
The crimson imp completely misses you.
You hit the crimson imp but do no damage.
Your bite misses the crimson imp.
The crimson imp is almost dead.
The crimson imp hits you.
You hit the crimson imp.
You kill the crimson imp!
You have reached level 7!
A phantom comes into view.
A phantom is nearby!
A bullfrog skeleton comes into view.
A bullfrog skeleton is nearby!
A bullfrog skeleton is nearby!
The bullfrog skeleton hits you.
You completely miss the bullfrog skeleton.
The bullfrog skeleton hits you.
You hit the bullfrog skeleton.
The bullfrog skeleton is lightly damaged.
The bullfrog skeleton hits you.
You barely miss the bullfrog skeleton.
The bullfrog skeleton is lightly damaged.
The bullfrog skeleton closely misses you.
You hit the bullfrog skeleton.
The bullfrog skeleton is moderately damaged.
The bullfrog skeleton hits you!
You hit the bullfrog skeleton.
The bullfrog skeleton is moderately damaged.
The bullfrog skeleton barely misses you.
You hit the bullfrog skeleton.
The bullfrog skeleton is moderately damaged.
The bullfrog skeleton barely misses you.
You hit the bullfrog skeleton.
The bullfrog skeleton is moderately damaged.
The bullfrog skeleton hits you!
You are too injured to fight recklessly!
You are too injured to fight recklessly!
You are too injured to fight recklessly!
You are too injured to fight recklessly!
You are too injured to fight recklessly!
You are too injured to fight recklessly!
You are too injured to fight recklessly!
You are too injured to fight recklessly!
You are too injured to fight recklessly!
You are too injured to fight recklessly!
You are too injured to fight recklessly!
You are too injured to fight recklessly!
You hit the bullfrog skeleton.
The bullfrog skeleton is heavily damaged.
The bullfrog skeleton barely misses you.
The bullfrog skeleton barely misses you.
You hit the bullfrog skeleton.
The bullfrog skeleton is heavily damaged.
The bullfrog skeleton hits you!
* * * LOW HITPOINT WARNING * * *
You hit the bullfrog skeleton.
The bullfrog skeleton is severely damaged.
The bullfrog skeleton hits you.
* * * LOW HITPOINT WARNING * * *
You hit the bullfrog skeleton.
The bullfrog skeleton is severely damaged.
The bullfrog skeleton hits you!
You die...

##8.%...8# #.#
.##W....# #.#
..##8.8# #.# ..#
#'## #.#
..###..##### #.#
............) #.#
#.####.###### #.#
....##.# #Z#
..#.##.# #@#
.##.##.#########.#
.##..............#
.#####..........##
.# ##########.# .#
#.# .# #.# .. #.#
#.#


You could see a bullfrog skeleton.

Vanquished Creatures
  A scorpion (D:4)
  A howler monkey (D:4)
  A crimson imp (D:5)
  A jelly (D:3)
  2 orc wizards (D:4)
  A centaur skeleton (D:4)
  2 worker ants
  4 gnolls (D:3)
  5 adders (D:3)
  2 oozes
  5 worms
  2 dart slugs
  2 leopard geckos
  3 orcs (D:4)
  3 bats (D:1)
  4 goblins
  9 hobgoblins
  9 jackals
  2 kobolds
  2 quokkas (D:3)
  4 frilled lizards
  4 rats
69 creatures vanquished.

Notes
Turn   | Place    | Note
-------+----------+-------------------------------------------
     0 | D:1      | MisterOstroum the Vine Stalker Rogue began the quest for
                  | the Orb.
     0 | D:1      | Reached XP level 1. HP: 12/12 MP: 3/3
   226 | D:1      | Reached skill level 6 in Stealth
   226 | D:1      | Reached XP level 2. HP: 17/17 MP: 4/4
   572 | D:2      | Noticed a crimson imp
   627 | D:2      | Reached XP level 3. HP: 21/22 MP: 5/5
   665 | D:2      | Found an iron altar of Okawaru.
  1154 | D:3      | Found an ornate altar of the Wu Jian Council.
  1339 | D:3      | Reached XP level 4. HP: 26/27 MP: 6/6
  1430 | D:3      | Found a burning altar of Makhleb.
  1533 | D:3      | Found a glowing silver altar of Zin.
  1533 | D:3      | Noticed an angel
  1534 | D:3      | Noticed a blizzard demon
  1667 | D:3      | Reached XP level 5. HP: 32/32 MP: 7/7
  2199 | D:3      | Noticed a phantom
  2269 | D:3      | Found a sparkling altar of Nemelex Xobeh.
  2370 | D:4      | Found a shimmering blue altar of Sif Muna.
  2470 | D:5      | Entered Level 5 of the Dungeon
  2545 | D:4      | Reached skill level 7 in Stealth
  2545 | D:4      | Gained mutation: You have razor-sharp teeth. [Vine Stalker
                  | growth]
  2545 | D:4      | Reached XP level 6. HP: 38/38 MP: 8/8
  3491 | D:5      | Noticed Menkaure
  3529 | D:5      | Reached XP level 7. HP: 43/44 MP: 9/9
  3579 | D:5      | Mangled by a bullfrog skeleton

Skill      XL: |  1  2  3  4  5  6 |
---------------+-------------------+-----
Fighting       | 2 3 4 |  4.4
Short Blades   | 2 3 4 |  4.4
Stealth        | 6 7 |  7.4
Evocations     | |  1.7

Action                   |  1- 3 |  4- 6 |  7- 9 || total
-------------------------+-------+-------+-------++-------
Melee: Dagger            |    74 |    99 |    11 ||   184
       Bite              |    14 |    12 |       ||    26
       Short sword       |    13 |     6 |       ||    19
 Fire: Blowgun           |     8 |    87 |       ||    95
Throw: Stone             |    40 |    20 |       ||    60
       Javelin           |       |    11 |       ||    11
  Use: Scroll            |       |     4 |       ||     4
 Stab: Sleeping          |     8 |     2 |       ||    10
  Eat: Chunk             |     1 |     7 |       ||     8
Armor: Robe              |    23 |    21 |       ||    44
Dodge: Dodged            |    42 |    80 |     5 ||   127
